AoeStats
← 逍遥场口

Nomad

508431562Analyzed
4v4 RM · 10d ago on Sep 22, 2026· 52m 30s· 8 players
Game mode
Random Map
Map size
231×231
Population
200
Speed
Normal
Resources
Standard
Victory
Conquest
Starting age
Dark Age
Ending age
Imperial Age
RankedLock teamsTeams togetherTeam positionsShared explorationLock speedFull tech treeHidden civsTurbo modeCheats
Victory
Defeat
🇨🇳 Chinese · China
1444
+12
🇪🇸 Turks · Spain
1391
+15
🇨🇳 Persians · China
1382
+15
🇨🇳 Franks · China
1293
+18
🇨🇳 Dravidians · China
1387
-16
🇨🇳 Persians · China
1358
-15
🇻🇳 Spanish · Vietnam
1356
-15
🇹🇼 Mongols · Taiwan
1340
-14
mryendl2410
4:09 Loom
14:00 Feudal Age
15:01 Double-Bit Axe
17:58 Castle Age
18:54 Bow Saw
22:57 Wheelbarrow
22:06 Horse Collar
22:17 Gold Mining
25:56 Padded Archer Armor
27:21 Leather Archer Armor
28:19 Heavy Plow
30:11 Bloodlines
32:37 Imperial Age
31:01 Hand Cart
30:33 Town Watch
30:43 Town Watch
31:12 Husbandry
34:07 Ring Archer Armor
33:34 Cavalier
34:20 Scale Barding Armor
34:27 Forging
35:54 Chain Barding Armor
34:57 Paladin
37:57 Iron Casting
38:11 Plate Barding Armor
41:08 Blast Furnace
42:28 Two-Man Saw
41:20 Stone Mining
49:05 Light Cavalry
50:20 Fletching
50:13 Hussar
50:32 Elite Skirmisher
51:08 Bodkin Arrow
52:03 Bracer
Tapioca
5:26 Loom
12:45 Feudal Age
14:27 Double-Bit Axe
17:16 Castle Age
15:58 Stone Mining
19:30 Fletching
19:41 Padded Archer Armor
20:56 Bodkin Arrow
21:42 Husbandry
30:31 Horse Collar
33:25 Heavy Plow
34:29 Gold Mining
35:30 Wheelbarrow
39:22 Imperial Age
38:18 Leather Archer Armor
38:09 Scale Barding Armor
37:26 Light Cavalry
38:18 Bloodlines
39:50 Thumb Ring
40:04 Forging
40:15 Bracer
41:43 Chemistry
41:32 Gold Shaft Mining
41:23 Elite Mangudai
42:13 Light Cavalry
43:28 Town Watch
44:16 Parthian Tactics
44:03 Forging
44:20 Ballistics
46:17 Hand Cart
46:28 Masonry
46:40 Forging
48:33 Iron Casting
48:19 Chain Barding Armor
半时
8:04 Loom
12:01 Feudal Age
16:09 Castle Age
15:04 Double-Bit Axe
15:05 Horse Collar
16:56 Bow Saw
24:47 Light Cavalry
27:52 Bloodlines
29:15 Forging
30:16 Husbandry
30:48 Scale Barding Armor
32:19 Iron Casting
36:32 Wheelbarrow
40:05 Hand Cart
41:39 Town Watch
45:27 Masonry
45:49 Pikeman
46:29 Squires
49:55 Fletching
TonTonJu
5:23 Loom
16:35 Feudal Age
17:30 Double-Bit Axe
21:37 Horse Collar
25:11 Town Watch
27:42 Castle Age
27:08 Gold Mining
30:38 Bow Saw
35:01 Wheelbarrow
38:23 Imperial Age
36:14 Scale Mail Armor
36:16 Pikeman
37:25 Padded Archer Armor
38:18 Chain Mail Armor
38:38 Halberdier
41:45 Elite Skirmisher
42:17 Fletching
43:31 Chemistry
43:12 Bodkin Arrow
43:18 Padded Archer Armor
46:03 Bracer
46:55 Leather Archer Armor
48:08 Conscription
48:56 Ballistics
VaultBoy
4:59 Loom
14:28 Feudal Age
20:25 Castle Age
19:55 Horse Collar
20:01 Double-Bit Axe
22:14 Bow Saw
29:46 Wheelbarrow
30:08 Padded Archer Armor
35:39 Imperial Age
34:19 Leather Archer Armor
34:14 Fletching
36:30 Gold Mining
38:09 Artillery
39:32 Elite Janissary
42:50 Conscription
48:01 Heavy Plow
50:59 Hand Cart
逍遥场口
3:50 Loom
15:40 Feudal Age
20:28 Castle Age
21:34 Double-Bit Axe
22:07 Bloodlines
22:05 Horse Collar
22:58 Scale Barding Armor
23:40 Bow Saw
25:31 Chain Barding Armor
29:08 Wheelbarrow
30:56 Heavy Plow
31:52 Forging
31:32 Fishing Lines
33:52 Gillnets
35:16 Hand Cart
38:00 Gold Mining
38:00 Stone Mining
38:50 Iron Casting
41:33 Imperial Age
41:47 Gold Shaft Mining
41:26 Cavalier
42:42 Plate Barding Armor
43:08 Blast Furnace
42:52 Savar
43:34 Husbandry
44:08 Fletching
44:19 Padded Archer Armor
44:52 Conscription
44:08 Light Cavalry
48:50 Hussar
只会种田
3:13 Loom
13:47 Feudal Age
18:01 Castle Age
16:15 Double-Bit Axe
18:29 Wheelbarrow
18:19 Fishing Lines
18:54 Medium Warships
20:22 Bow Saw
21:15 Gillnets
21:59 Horse Collar
24:19 Hand Cart
30:26 Imperial Age
28:07 Stone Mining
28:08 Gold Mining
29:45 Stone Shaft Mining
29:26 Fletching
29:37 Padded Archer Armor
30:19 Scale Mail Armor
30:17 Bodkin Arrow
31:15 Leather Archer Armor
32:11 Chemistry
31:32 Ballistics
32:00 Conscription
32:09 Rocketry
32:43 Conscription
32:36 Town Watch
35:16 Bracer
35:46 Ring Archer Armor
37:00 Two-Man Saw
37:24 Great Wall
36:45 Elite Chu Ko Nu
40:49 Gold Shaft Mining
46:17 Caravan
47:40 Great Wall
xcfotrp131
5:58 Loom
15:00 Feudal Age
16:23 Double-Bit Axe
18:39 Castle Age
17:41 Scale Barding Armor
17:53 Fishing Lines
20:17 Gillnets
21:01 Husbandry
26:51 Chain Barding Armor
27:28 Forging
28:12 Bow Saw
29:35 Wheelbarrow
31:02 Iron Casting
36:16 Imperial Age
37:10 Hand Cart
37:39 Plate Barding Armor
36:28 Cavalier
38:30 Blast Furnace
41:09 Scale Mail Armor
42:23 Chain Mail Armor
42:03 Gold Mining
42:11 Pikeman
42:53 Squires
44:44 Plate Mail Armor
45:21 Conscription
44:53 Fletching
45:19 Padded Archer Armor
48:02 Halberdier
50:47 Bodkin Arrow
51:07 Leather Archer Armor
51:56 Paladin
Connection lost

Rejoining the realm…

Still unreachable

The connection could not be restored.

Session expired

The server has moved on; the page needs a fresh start.